Map: Deathaura LE

Players

PartinG

  • Race: Protoss Protoss
  • League: Grandmaster
  • Spawn Location: 11:00

Rogue - Winner!

  • Race: Zerg Zerg
  • Spawn Location: 5:00

VOD

Have the link to the VOD?

Description

Time

  • Played on: Jan. 13, 2021, 11:14 a.m.
  • Length: 16:36
Show
View Real Time Build Order
Export as new Build Order

PartinG Protoss 

Build Orders: 1 Gate Expand, Archon Immortal 

Get SALT Encoding   

  12  0:00  Probe  
  13  0:12  Probe  
  14  0:17  Pylon  
  14  0:24  Probe (Chrono Boost)  
  15  0:36  Probe (Chrono Boost)  
  15  0:37  Gateway  
  16  0:45  Probe (Chrono Boost)  
  16  0:47  Assimilator  
  17  0:51  Probe  
  18  1:03  Probe  
  19  1:15  Probe  
  20  1:23  Nexus  
  20  1:33  Cybernetics Core  
  20  1:36  Probe  
  21  1:42  Assimilator  
  21  1:48  Probe  
  21  1:53  Pylon  
  22  2:00  Probe  
  23  2:08  Adept (Chrono Boost)  
  23  2:09  Warp Gate  
  23  2:12  Probe  
  26  2:24  Probe (Chrono Boost)  
  26  2:27  Stargate  
  27  2:35  Stalker  
  27  2:37  Probe x2 (Chrono Boost)  
  33  2:45  Probe x2 (Chrono Boost)  
  33  2:50  Probe (Chrono Boost)  
  33  2:51  Probe  
  33  2:58  Gateway  
  35  3:01  Void Ray (Chrono Boost)  
  35  3:02  Probe  
  35  3:03  Probe  
  41  3:14  Probe  
  41  3:15  Probe  
  41  3:16  Pylon  
  43  3:26  Probe  
  44  3:27  Probe  
  44  3:30  Void Ray (Chrono Boost)  
  49  3:44  Probe x2  
  51  3:52  Nexus  
  51  3:54  Pylon  
  51  3:57  Probe x2  
  53  4:04  Twilight Council  
  53  4:07  Assimilator  
  53  4:10  Probe  
  53  4:12  Probe, Robotics Facility  
  53  4:14  Shield Battery  
  55  4:19  Gateway  
  55  4:23  Probe  
  56  4:24  Probe  
  56  4:28  Gateway  
  57  4:31  Gateway  
  57  4:36  Probe x2  
  59  4:44  Gateway  
  59  4:48  Probe  
  59  4:49  Probe  
  61  4:55  Gateway  
  61  5:00  Probe  
  61  5:04  Probe  
  61  5:05  Pylon  
  63  5:08  Probe  
  63  5:12  Charge (Chrono Boost), Probe  
  65  5:14  Assimilator  
  65  5:16  Templar Archives, Assimilator, Probe  
  65  5:17  Assimilator  
  65  5:19  Observer  
  67  5:22  Probe  
  67  5:24  Pylon, Probe  
  67  5:27  Pylon  
  69  5:28  Probe  
  69  5:29  Forge  
  70  5:36  Probe  
  70  5:37  Probe  
  70  5:40  Probe  
  73  5:43  Psionic Storm, Observer  
  73  5:48  Gateway  
  73  5:49  Gateway, Probe  
  75  5:52  Probe  
  75  5:53  Probe  
  77  6:02  Protoss Ground Weapons Level 1 (Chrono Boost), Gateway  
  77  6:04  Probe  
  77  6:05  Gateway  
  77  6:06  Gateway  
  77  6:08  Probe x2  
  80  6:12  High Templar x2  
  80  6:13  Pylon  
  80  6:15  Zealot  
  80  6:17  Probe  
  80  6:18  Zealot  
  89  6:26  Assimilator  
  89  6:28  High Templar x2  
  89  6:29  Probe  
  89  6:31  Photon Cannon  
  94  6:33  Shield Battery  
  94  6:34  Probe x2  
  94  6:36  Warp Prism (Chrono Boost)  
  96  6:41  Probe  
  96  6:42  High Templar  
  100  6:48  Nexus  
  100  6:50  Pylon  
  100  6:52  Pylon  
  100  6:53  High Templar  
  102  6:58  Zealot x3  
  102  6:59  Archon  
  108  7:06  Pylon, Observer  
  108  7:07  Pylon  
  109  7:09  Zealot x3  
  109  7:13  Zealot x2  
  119  7:16  High Templar x2  
  119  7:19  Archon  
  119  7:22  Sentry  
  125  7:27  Pylon x2  
  125  7:28  Pylon  
  125  7:29  Photon Cannon  
  125  7:30  Shield Battery  
  117  7:46  High Templar x2  
  117  7:50  High Templar  
  116  7:52  Zealot  
  116  7:53  Zealot x8  
  116  7:57  Immortal (Chrono Boost)  
  134  7:58  Shield Battery  
  134  7:59  Shield Battery  
  112  8:14  Zealot x3  
  112  8:15  Zealot x4  
  112  8:18  Zealot  
  122  8:20  Zealot x2  
  112  8:29  Zealot x2, Protoss Ground Weapons Level 2 (Chrono Boost)  
  108  8:34  Probe  
  108  8:35  Probe x3  
  108  8:38  Immortal (Chrono Boost)  
  108  8:40  Robotics Facility  
  116  8:47  Probe x3  
  119  8:53  Sentry x2  
  119  8:54  High Templar x2  
  127  8:57  Observer, Photon Cannon  
  127  8:58  Photon Cannon  
  127  9:04  Photon Cannon  
  127  9:07  Zealot x4  
  133  9:14  Immortal (Chrono Boost)  
  137  9:20  Zealot x4  
  145  9:28  Zealot x4  
  142  9:44  Zealot x8  
  138  9:50  Immortal  
  140  9:56  Zealot x3  
  122  10:01  Archon x2  
  122  10:03  Zealot  
  122  10:04  Zealot x3  
  121  10:13  Zealot x3  
  118  10:16  High Templar x3  
  124  10:21  High Templar x2  
  124  10:27  Probe x2  
  126  10:29  Probe  
  126  10:34  High Templar  
  126  10:35  High Templar x3  
  135  10:37  Sentry x2  
  135  10:38  Zealot  
  135  10:39  Archon x2  
  135  10:40  Pylon  
  141  10:43  Immortal (Chrono Boost)  
  141  10:47  Warp Prism (Chrono Boost)  
  141  10:49  Observer  
  145  10:54  Shield Battery  
  145  10:56  Shield Battery  
  145  11:08  Zealot x2  
  145  11:09  Zealot x3  
  149  11:16  High Templar x3  
  155  11:23  Zealot  
  157  11:27  Pylon  
  157  11:28  Pylon  
  157  11:29  Pylon  
  157  11:33  Nexus  
  157  11:45  Zealot x4  
  157  11:47  High Templar x2  
  165  11:50  High Templar x2  
  165  11:51  Archon  
  165  11:53  Zealot  
  171  11:54  Archon  
  171  11:57  Zealot x2  
  171  11:58  Archon  
  171  12:00  Zealot  
  177  12:06  Zealot x2  
  173  12:21  Zealot x5  
  173  12:22  Zealot  
  175  12:27  Zealot x4  
  145  12:44  Zealot x6  
  141  12:46  Zealot  
  141  12:50  Archon  
  123  12:56  Zealot x3  
  89  13:13  High Templar x2  
  89  13:14  High Templar x5  
  95  13:23  Nexus  
  91  13:28  Archon x3  
  91  13:30  High Templar x4  
  91  13:31  Zealot  
  101  13:38  Archon  
  101  13:39  Archon  
  101  13:48  Zealot x7  
  107  13:52  High Templar  
  113  14:07  High Templar x3  
  113  14:08  Nexus  
  119  14:16  Pylon  
  119  14:17  High Templar  
  121  14:25  High Templar  
  121  14:26  Zealot x3  
  129  14:37  Zealot x3  
  135  14:39  High Templar  
  135  14:42  Observer (Chrono Boost)  
  120  15:01  Observer (Chrono Boost)  
  120  15:03  Observer (Chrono Boost)  
  122  15:11  Photon Cannon x2  
  122  15:12  Shield Battery  
  120  15:18  Immortal  
  124  15:24  High Templar  
  124  15:25  High Templar x2  
  130  15:37  Zealot x2  
  130  15:38  Zealot x3  
  140  15:48  Zealot x2  
  140  15:49  Zealot x2  
  134  15:52  Archon  
  112  15:57  Zealot x3  
  110  16:11  Archon  
  110  16:13  Zealot x6  
  110  16:17  Zealot x2  
  72  16:25  Zealot x3  
Show
View Real Time Build Order
Export as new Build Order

Rogue Zerg - Winner!

Build Orders: Hatch First, Lurkers, Roach Hydra 

Get SALT Encoding   

  12  0:00  Drone  
  13  0:11  Overlord  
  13  0:16  Drone  
  14  0:30  Drone x2  
  16  0:46  Hatchery  
  15  0:50  Drone  
  15  0:54  Drone  
  17  0:58  Drone  
  18  1:09  Extractor  
  17  1:13  Spawning Pool  
  17  1:17  Drone  
  17  1:20  Drone  
  18  1:28  Drone  
  19  1:45  Drone  
  20  1:52  Overlord  
  20  2:00  Queen x2  
  20  2:01  Zergling x4  
  26  2:10  Drone x2  
  26  2:13  Metabolic Boost  
  28  2:20  Drone  
  28  2:21  Drone  
  30  2:35  Drone x2  
  32  2:42  Hatchery  
  31  2:47  Queen  
  33  2:52  Overlord  
  33  2:54  Drone  
  33  2:56  Drone  
  35  2:59  Drone  
  36  3:10  Drone x2  
  36  3:11  Drone x3  
  41  3:14  Overlord  
  41  3:19  Drone  
  42  3:22  Queen  
  44  3:34  Drone x2  
  46  3:36  Roach Warren  
  46  3:38  Overlord  
  46  3:40  Drone x3  
  48  3:43  Drone  
  48  3:45  Overlord  
  49  3:51  Pneumatized Carapace  
  49  3:52  Overlord  
  49  3:57  Queen  
  49  3:58  Drone x2  
  49  4:00  Drone  
  54  4:04  Drone x2  
  54  4:08  Drone  
  57  4:10  Spore Crawler  
  57  4:11  Spore Crawler  
  57  4:15  Drone x3  
  58  4:17  Zergling x2  
  58  4:18  Zergling x2  
  58  4:20  Drone  
  58  4:21  Drone  
  62  4:24  Spore Crawler  
  62  4:25  Drone  
  62  4:29  Extractor  
  61  4:32  Drone x2  
  61  4:33  Drone x2  
  61  4:37  Drone  
  61  4:38  Drone x3  
  69  4:44  Lair  
  69  4:48  Drone  
  69  4:49  Evolution Chamber  
  69  4:50  Extractor  
  69  4:51  Drone x3  
  69  4:52  Extractor, Overlord  
  70  4:54  Drone  
  70  4:57  Drone x2  
  70  4:58  Overlord  
  73  5:03  Overlord  
  73  5:08  Overlord x3  
  73  5:15  Overlord, Extractor  
  73  5:16  Overlord, Drone x2  
  73  5:17  Overlord  
  74  5:24  Roach  
  74  5:25  Roach x4  
  74  5:27  Roach  
  86  5:31  Drone  
  86  5:34  Drone  
  88  5:36  Drone x2  
  88  5:37  Overlord x2  
  88  5:40  Zerg Missile Weapons Level 1  
  88  5:41  Roach x2  
  94  5:46  Drone x4  
  94  5:47  Drone  
  94  5:49  Extractor  
  98  5:50  Glial Reconstitution  
  98  5:56  Drone  
  99  5:57  Hydralisk Den  
  98  6:10  Overseer  
  98  6:12  Hatchery  
  98  6:13  Overlord  
  94  6:26  Grooved Spines, Hydralisk x9  
  111  6:34  Hydralisk x2  
  111  6:39  Hydralisk x2  
  115  6:43  Overlord  
  115  6:44  Roach x3  
  125  6:49  Roach x3  
  131  6:56  Roach x5  
  131  6:58  Roach  
  131  7:00  Roach  
  131  7:01  Roach  
  147  7:04  Roach  
  149  7:11  Roach  
  149  7:13  Roach x2  
  155  7:17  Extractor  
  154  7:24  Zergling x16  
  154  7:25  Overlord  
  154  7:29  Ravager x3  
  165  7:33  Roach  
  165  7:36  Overlord  
  167  7:38  Muscular Augments  
  163  7:46  Roach x4  
  163  7:47  Roach x2  
  163  7:50  Overlord  
  175  7:53  Zerg Missile Weapons Level 2  
  175  7:54  Zergling x2  
  175  7:55  Drone x2  
  175  7:56  Drone x4  
  175  7:58  Roach  
  184  8:04  Overlord  
  180  8:06  Overlord  
  180  8:10  Roach x8  
  180  8:11  Roach  
  179  8:14  Roach  
  179  8:18  Roach  
  166  8:20  Roach x3  
  166  8:23  Roach x5  
  167  8:29  Hydralisk x2  
  159  8:37  Roach  
  159  8:38  Roach x6  
  159  8:39  Roach  
  159  8:40  Roach  
  173  8:49  Roach  
  173  8:50  Roach x5  
  173  8:54  Zergling x8  
  189  8:56  Ravager x2  
  189  9:02  Ravager x2  
  193  9:03  Zergling x10  
  193  9:05  Zergling x2  
  193  9:06  Zergling x2  
  193  9:07  Zergling x2  
  200  9:15  Overseer  
  200  9:30  Roach  
  194  9:32  Hydralisk x4  
  194  9:37  Roach  
  198  9:40  Roach x2  
  198  9:45  Roach, Infestation Pit  
  199  9:48  Roach x3  
  199  9:50  Roach x2  
  199  9:53  Roach  
  199  9:58  Overlord x2  
  171  10:00  Hydralisk x7  
  171  10:02  Roach  
  171  10:04  Roach  
  171  10:05  Roach  
  170  10:07  Roach  
  170  10:08  Roach  
  170  10:09  Zerg Ground Armor Level 1, Roach  
  170  10:11  Roach  
  141  10:16  Hydralisk x2  
  141  10:17  Zergling x10, Extractor  
  141  10:20  Roach  
  149  10:22  Roach x2  
  149  10:24  Roach x2  
  149  10:25  Roach  
  157  10:28  Roach x2  
  157  10:33  Roach x3  
  157  10:35  Roach  
  165  10:41  Ravager x2  
  167  10:43  Drone x4  
  167  10:46  Roach x3  
  179  10:50  Roach x3  
  179  10:52  Roach  
  179  10:53  Roach  
  179  10:54  Ravager  
  179  10:55  Roach  
  190  10:57  Roach  
  190  10:59  Roach  
  190  11:05  Roach  
  190  11:10  Zergling x10, Lurker Den  
  190  11:11  Zergling x4  
  191  11:15  Hive  
  189  11:21  Ravager  
  189  11:22  Ravager  
  189  11:23  Zergling x14  
  198  11:30  Zergling x2  
  199  11:43  Ravager  
  199  11:44  Ravager x6  
  199  11:45  Zergling x6  
  200  12:00  Overseer  
  199  12:03  Hatchery  
  199  12:07  Roach  
  192  12:10  Roach x2  
  192  12:11  Roach  
  198  12:19  Roach x14  
  198  12:20  Roach  
  198  12:21  Roach  
  193  12:23  Roach x3  
  193  12:25  Roach  
  193  12:27  Roach  
  193  12:28  Roach x3  
  194  12:30  Roach  
  194  12:36  Roach x4  
  191  12:39  Overlord  
  164  12:51  Roach x7  
  151  12:53  Roach  
  151  12:55  Roach  
  126  13:01  Roach x4  
  126  13:07  Overlord  
  109  13:13  Roach x2  
  109  13:18  Hydralisk  
  99  13:22  Queen  
  99  13:26  Hydralisk x2  
  101  13:31  Hydralisk  
  103  13:35  Hydralisk  
  103  13:39  Hydralisk  
  103  13:41  Hydralisk  
  109  13:49  Hydralisk x2  
  113  13:56  Roach x2  
  117  14:04  Seismic Spines  
  117  14:10  Lurker x5  
  117  14:11  Lurker x2  
  117  14:16  Roach  
  130  14:17  Roach x2  
  130  14:21  Lurker  
  130  14:23  Roach x2  
  130  14:24  Roach  
  137  14:43  Roach x8  
  151  14:57  Roach x7  
  145  15:00  Ravager x2  
  145  15:01  Ravager, Adaptive Talons  
  145  15:04  Ravager  
  149  15:07  Roach x3  
  149  15:09  Roach  
  157  15:15  Roach x3  
  157  15:19  Roach  
  157  15:20  Roach  
  163  15:23  Roach  
  163  15:27  Roach x2  
  169  15:30  Roach  
  169  15:31  Roach  
  169  15:32  Roach  
  173  15:36  Roach  
  173  15:37  Roach  
  173  15:41  Roach x2  
  181  15:45  Roach  
  181  15:47  Roach  
  169  15:52  Roach  
  169  15:53  Roach x2  
  169  15:54  Roach  
  157  16:01  Roach x3  
  157  16:04  Ravager x4  
  153  16:11  Roach  
  153  16:12  Roach  
  153  16:14  Roach  
  153  16:15  Roach  
  153  16:16  Roach  
Tags
 
Add a new tag
Caveats
  • Supply blocks, unpowered buildings, or Contaminate may cause inaccurate times.
  • Supply counts are checked every 10 seconds.